 Dungeon Crawl Stone Soup version 0.29.0-11-gd7f09526c8 (webtiles) character file.

Game seed: 3863754005419706337

3119 magipi the Cleaver (level 9, -1/56 HPs)
             Began as a Gargoyle Fighter on Sept 7, 2022.
             Was an Initiate of the Shining One.
             Slain by Gastronok (31 damage)
             ... on level 8 of the Dungeon.
             The game lasted 00:18:23 (4250 turns).

magipi the Cleaver (Gargoyle Fighter)               Turns: 4250, Time: 00:18:24

Health: -1/56      AC: 19    Str: 23    XL:     9   Next: 91%
Magic:  9/9        EV:  7    Int:  8    God:    the Shining One [......]
Gold:   549        SH:  4    Dex: 11    Spells: 8/8 levels left

rFire   . . .      SeeInvis .   a - +0 war axe
rCold   + . .      Faith    .   q - +0 buckler
rNeg    + + .      Spirit   .   t - +3 chain mail "Sutwic" {Slay+2}
rPois   ∞          Reflect  .   (no helmet)
rElec   +          Harm     .   (no cloak)
rCorr   .          Rampage  .   (no gloves)
Will    .....                   (no boots)
Stlth   ..........              o - amulet of regeneration
HPRegen 0.98/turn               c - ring of protection from cold
MPRegen 0.11/turn               n - ring of positive energy

@: mighty, glowing
A: sickness immunity, AC +6, negative energy resistance 1, electricity
resistance, torment resistance 1, petrification resistance
a: Renounce Religion


You were on level 8 of the Dungeon.
You worshipped the Shining One.
The Shining One was noncommittal.
You visited 2 branches of the dungeon, and saw 9 of its levels.

You collected 549 gold pieces.

Inventory:

Hand Weapons
 a - a +0 war axe (weapon)
Missiles
 x - 4 boomerangs (quivered)
 B - 5 javelins
 G - 5 curare-tipped darts
Armour
 q - a +0 buckler (worn)
 t - the +3 chain mail "Sutwic" (worn) {Slay+2}
   (You found it on level 3 of the Dungeon)

   Slay:      It affects your accuracy & damage with ranged weapons and melee
   (+2).
 y - a +2 chain mail of cold resistance
Jewellery
 c - a ring of protection from cold (left hand)
 n - a ring of positive energy (right hand)
 o - an amulet of regeneration (around neck)
Wands
 D - a wand of charming (8)
 E - a wand of quicksilver (2)
 I - a wand of roots (17)
Scrolls
 b - 2 scrolls of enchant armour {unknown}
 d - a scroll of amnesia {unknown}
 e - 2 scrolls of torment {unknown}
 h - 3 scrolls of blinking {unknown}
 j - a scroll of vulnerability {unknown}
 l - 2 scrolls of magic mapping {unknown}
 m - 3 scrolls of butterflies {unknown}
 p - 5 scrolls of identify {unknown}
 z - a scroll of poison {unknown}
 A - a scroll of noise {unknown}
 H - 3 scrolls of summoning {unknown}
 J - a scroll of immolation {unknown}
Potions
 f - a potion of invisibility {unknown}
 g - 4 potions of curing {unknown}
 i - 3 potions of attraction {unknown}
 k - 2 potions of degeneration {unknown}
 r - a potion of mutation {unknown}
 s - 2 potions of resistance {unknown}
 u - 2 potions of brilliance {unknown}
 v - a potion of might
 w - a potion of cancellation {unknown}
 C - 2 potions of lignification {unknown}
 F - a potion of heal wounds {unknown}


   Skills:
 + Level 6.8 Fighting
 + Level 9.3 Axes
 + Level 4.0 Throwing
 + Level 6.7 Armour
 - Level 3.2 Shields
 + Level 1.6 Evocations


You had 8 spell levels left.
You didn't know any spells.
Your spell library contained the following spells:

 Spells                   Type           Power      Damage    Failure   Level
 Confusing Touch          Hex            0%         N/A       100%        3
 Gell's Gravitas          Tloc           0%         N/A       100%        3
 Teleport Other           Tloc           0%         N/A       100%        3
 Tukima's Dance           Hex            0%         N/A       100%        3
 Passage of Golubria      Tloc           0%         N/A       100%        4
 Yara's Violent Unravell  Hex/Tmut       0%         3d3       100%        5
 Dispersal                Tloc           0%         N/A       100%        6
 Enfeeble                 Hex            0%         N/A       100%        7


Dungeon Overview and Level Annotations

Branches:
Dungeon (8/15)             Temple (1/1) D:7
   Lair: D:8-11

Altars:
Ashenzari
Dithmenos
Elyvilon
Fedhas
Gozag
Hepliaklqana
Makhleb
Okawaru
Qazlal
Vehumet
Wu Jian
Yredelemnul
Zin
The Shining One

Annotations:
D:8 Gastronok


Innate Abilities, Weirdness & Mutations

You are immune to sickness and miasma.
Your stone body is resilient. (AC +6)
You are immune to poison.
You resist negative energy. (rN+)
You are resistant to electric shocks. (rElec)
You are resistant to unholy torment.
You are immune to petrification.


Message History

The orc warrior is severely wounded.
You barely miss the orc.
The orc warrior hits you with a +0 flail!
The orc hits you but does no damage.
Unknown command.
You feel very mighty all of a sudden. The orc warrior barely misses you.
You slice the orc warrior!!
You kill the orc warrior!
The bat skeleton hits you but does no damage.
You hit the orc.
The orc is almost dead.
You slash the orc!
You kill the orc!
The bat skeleton hits you but does no damage. x2
You slash the bat skeleton!
You destroy the bat skeleton!
The Shining One accepts your kill. Gastronok bites you!!
Items here: ))) [[ †.
You slash Gastronok!
Gastronok is lightly wounded.
You slice Gastronok!!
Gastronok is moderately wounded.
Gastronok waves his eye-stalks in wide circles.
The air twists around and strikes you!
You slice Gastronok!!
Gastronok is moderately wounded.
You hit Gastronok.
Gastronok is moderately wounded.
Gastronok sloshes about.
Gastronok bites you but does no damage.
You slice Gastronok!!
Gastronok is heavily wounded.
You slash Gastronok!
Gastronok is severely wounded.
Gastronok sloshes about.
Gastronok bites you!!
Ouch! That really hurt!
You die...

... ## ... #. .
#.###.#.#
#..#.⌠.# #..'..#
#..'.#.⌠.
#.w'..# #@#
##### #.#
###..<## #.#
#..###.## ##.##
#.##
##.#####...# #.#
#.....)..#.....
#.##
##.#####...#####
#..###.## .....#
#......# ##...##


You could see Gastronok.

Vanquished Creatures
  2 wyverns (D:7)
  Edmund (D:5)
  Menkaure (D:5)
  3 water moccasins
  A black bear (D:5)
  2 orc warriors
  2 ice beasts (D:6)
  4 ogres
  A sky beast (D:7)
  3 phantoms
  A kobold brigand (D:8)
  A bullfrog (D:6)
  2 necrophages
  A scorpion (D:5)
  4 howler monkeys
  2 hounds (D:6)
  2 jellies
  An orc priest (D:4)
  3 gnoll boudas
  3 iguanas
  2 orc wizards
  17 gnolls
  6 adders
  2 shadow imps
  A white imp (D:7)
  A worm (D:3)
  A dart slug (D:2)
  20 orcs
  2 bat skeletons (D:8)
  3 endoplasms (D:2)
  3 giant cockroaches
  9 goblins
  6 hobgoblins
  15 kobolds
  4 quokkas
  7 ball pythons
  5 bats
  5 frilled lizards
  5 rats
154 creatures vanquished.

Vanquished Creatures (others)
  4 plants (D:2)
4 creatures vanquished.

Grand Total: 158 creatures vanquished

Notes
Turn   | Place    | Note
-------+----------+-------------------------------------------
     0 | D:1      | magipi the Gargoyle Fighter began the quest for the Orb.
     0 | D:1      | Reached XP level 1. HP: 14/14 MP: 1/1
    12 | D:1      | Reached skill level 2 in Axes
    95 | D:1      | Reached XP level 2. HP: 19/19 MP: 2/2
   509 | D:2      | Found a faded altar of an unknown god.
   516 | D:2      | Reached skill level 3 in Axes
   527 | D:2      | Reached XP level 3. HP: 19/23 MP: 3/3
  1174 | D:3      | Reached XP level 4. HP: 27/28 MP: 4/4
  1198 | D:3      | Found an opulent altar of Gozag.
  1231 | D:3      | Identified the +3 chain mail "Sutwic" {Slay+2}
  1273 | D:4      | You fall into a shaft and drop 3 floors!
  1286 | D:7      | Noticed a sky beast
  1300 | D:7      | Killed a sky beast
  1301 | D:7      | Reached skill level 4 in Axes
  1301 | D:7      | Reached XP level 5. HP: 28/32 MP: 5/5
  1333 | D:7      | Noticed a wyvern
  1335 | D:7      | Reached skill level 5 in Axes
  1342 | D:7      | Reached XP level 6. HP: 26/37 MP: 6/6
  1345 | D:7      | Killed a wyvern
  1346 | D:7      | Reached skill level 6 in Axes
  1359 | D:7      | Noticed an orc warrior
  1372 | D:6      | Reached XP level 7. HP: 38/41 MP: 7/7
  1375 | D:5      | Entered Level 5 of the Dungeon
  1392 | D:5      | Reached skill level 7 in Axes
  1523 | D:5      | Noticed Menkaure
  1530 | D:5      | Killed Menkaure
  1531 | D:5      | Reached skill level 8 in Axes
  1531 | D:5      | Reached XP level 8. HP: 48/48 MP: 8/8
  2151 | D:5      | Noticed Edmund
  2158 | D:5      | Killed Edmund
  2191 | D:5      | Reached skill level 1 in Throwing
  2410 | D:6      | Reached skill level 5 in Fighting
  2410 | D:6      | Reached skill level 5 in Armour
  2451 | D:6      | Reached XP level 9. HP: 54/54 MP: 9/9
  3228 | D:7      | Found an iron altar of Okawaru.
  3243 | D:7      | Reached skill level 9 in Axes
  3446 | D:7      | Found a staircase to the Ecumenical Temple.
  3460 | Temple   | Entered the Ecumenical Temple
  3499 | Temple   | Became a worshipper of the Shining One
  3783 | D:8      | Found a shadowy altar of Dithmenos.
  3826 | D:8      | Found an ornate altar of the Wu Jian Council.
  3833 | D:8      | Reached skill level 1 in Evocations
  4235 | D:8      | Noticed Gastronok
  4250 | D:8      | Slain by Gastronok

Illustrated notes

Levels and vault maps discovered:
D:1:      dpeg_arrival_ternary, layout_basic
D:2:      layout_basic, serial_forest, infiniplex_forest_zigzag_1,
          infiniplex_forest_clump_medium, infiniplex_forest_lined_room_3,
          infiniplex_forest_lined_ring, infiniplex_forest_clump_long,
          infiniplex_forest_straight_2, infiniplex_forest_clump_C,
          hellmonk_ecumenical_altar_heavens_door, minmay_pentomino_r4
D:3:      layout_rooms, nicolae_gozag_seed_capital
D:4:      layout_rooms
D:5:      layout_basic, uniq_menkaure, uniq_edmund
D:6:      layout_cave_pools, grunt_ministairs_2
D:7:      layout_loops_cross, okawaru_gym_becter, temple_hall
D:8:      layout_loops_corners, kennysheep_vampire_church,
          mainiacjoe_overflow_cross_hatched,
          nicolae_wu_jian_immortal_techniques, uniq_gastronok, uniq_maurice
Temple:   compressed_dpeg_circular_temple

Skill      XL: |  1  2  3  4  5  6  7  8  9 |
---------------+----------------------------+-----
Axes           | 2 3 4 5 6 8 9 |  9.3
Fighting       | 5 6 |  6.8
Armour         | 5 6 |  6.7
Throwing       | 2 4 |  4.0
Evocations     | 1 |  1.6
Shields        | |  3.2

Action                   |  1- 3 |  4- 6 |  7- 9 || total
-------------------------+-------+-------+-------++-------
Melee: War axe           |   105 |    38 |   368 ||   511
Throw: Boomerang         |       |       |     1 ||     1
  Use: Potion            |       |     1 |     2 ||     3
Armor: Scale mail        |    60 |     5 |       ||    65
       Chain mail        |       |    33 |   208 ||   241
Dodge: Dodged            |    57 |    17 |   111 ||   185
Block: Buckler           |    23 |    11 |    57 ||    91
